 Dungeon Crawl Stone Soup version 0.27-a0-911-gfacc31910f (webtiles) character file.

Game seed: 6814758456360334585

49 DarkShadow the Shield-Bearer (level 3, -1/33 HPs)
             Began as a Minotaur Fighter on Apr 9, 2021.
             Killed from afar by Sigmund (4 damage)
             ... with a magic dart
             ... on level 2 of the Dungeon.
             The game lasted 00:02:28 (1042 turns).

DarkShadow the Shield-Bearer (Minotaur Fighter)     Turns: 1042, Time: 00:02:28

Health: -1/33      AC:  9    Str: 21    XL:     3   Next: 51%
Magic:  2/2        EV:  5    Int:  5    God:
Gold:   74         SH:  9    Dex:  9    Spells: 2/2 levels left

rFire    . . .     SeeInvis +   a - +0 war axe
rCold    . . .     Faith    .   c - +0 kite shield
rNeg     . . .     Spirit   .   h - +0 chain mail
rPois    .         Reflect  .   (helmet restricted)
rElec    .         Harm     .   (no cloak)
rCorr    .         Rampage  .   (no gloves)
Will     .....                  (no boots)
Stlth    ..........             (no amulet)
HPRegen  0.11/turn              g - ring of see invisible
MPRegen  0.08/turn              (no ring)

@: hasted, very quick
A: horns 2, retaliatory headbutt
a: no special abilities


You were on level 2 of the Dungeon.
You visited 1 branch of the dungeon, and saw 2 of its levels.

You collected 74 gold pieces.

Inventory:

Hand Weapons
 a - a +0 war axe (weapon)
Armour
 b - a +0 scale mail
 c - a +0 kite shield (worn)
 h - a +0 chain mail (worn)
Jewellery
 g - a ring of see invisible (left hand)
Potions
 d - a potion of might
 e - a potion of brilliance {unknown}
 i - a potion of magic {unknown}


   Skills:
 + Level 3.8 Fighting
 + Level 3.2 Axes
 + Level 4.0 Armour
 + Level 0.3 Dodging
 + Level 4.5 Shields


You had 2 spell levels left.
You didn't know any spells.
Your spell library was empty.

Dungeon Overview and Level Annotations

Branches:
Dungeon (2/15)

Altars:

Shops:
D:1 [

Annotations:
D:2 Sigmund


Innate Abilities, Weirdness & Mutations

You have a pair of horns on your head.
You reflexively headbutt those who attack you in melee.


Message History

You kill the goblin!
The adder barely misses you.
Sigmund breathes a few words.
Sigmund's hands start flickering wildly.
You block Sigmund's attack.
You aren't carrying any scrolls.
It was a potion of haste.
You feel yourself speed up. The adder barely misses you.
You block Sigmund's attack. The adder bites you but does no damage.
You closely miss Sigmund. Your headbutt misses Sigmund.
Sigmund is moderately wounded.
You miss the adder.
Sigmund says, "Don't worry, I'll kill you fast."
You block Sigmund's attack. The adder barely misses you.
You furiously retaliate!
You headbutt the adder!
You kill the adder!
You closely miss Sigmund.
Sigmund is moderately wounded.
Sigmund giggles. "Time to reap what you sow."
Sigmund hits you with a +2 vampiric scythe.
* * * LOW HITPOINT WARNING * * *
You barely miss Sigmund.
Sigmund is moderately wounded.
Sigmund casts a spell at you.
You are confused.
You bump into the rock wall.
Sigmund barely misses you.
You're too confused to move!
Sigmund barely misses you.
You slash Sigmund!
Sigmund is severely wounded.
Sigmund hits you with a +2 vampiric scythe.
* * * LOW HITPOINT WARNING * * *
Sigmund draws strength from your wounds!
You're too confused to move!
Sigmund hits you but does no damage.
You bump into the rock wall.
You feel less confused. You block Sigmund's attack.
Sigmund giggles. "Time to reap what you sow."
Sigmund gestures at you while chanting. The magic dart hits you.
You die...

####...## #.. .... #...#
#.###.# #...#####......
#####...##......#.#
.........†....#.#.# #.
..............#.#.###....
...............g..)...#
#####...##.##..@#.##..#
#...##...@....# .#
#.#.#####..#.## # #...#
#..#.# #...# #.....
####.## #.# #.. ####


You could see Sigmund and a goblin.

Vanquished Creatures
  An adder (D:2)
  A worm (D:2)
  A dart slug (D:2)
  2 bats
  2 endoplasms (D:1)
  A giant cockroach (D:1)
  3 goblins
  A hobgoblin (D:2)
  8 jackals (D:2)
  2 quokkas
  2 ball pythons (D:1)
  A frilled lizard (D:1)
  4 kobolds
  3 rats
32 creatures vanquished.

Notes
Turn   | Place    | Note
-------+----------+-------------------------------------------
     0 | D:1      | DarkShadow the Minotaur Fighter began the quest for the
                  | Orb.
     0 | D:1      | Reached XP level 1. HP: 19/19 MP: 0/0
   286 | D:1      | Found Xynwewn's Antique Armour Shoppe.
   351 | D:1      | Reached XP level 2. HP: 27/27 MP: 1/1
   897 | D:2      | Reached XP level 3. HP: 33/33 MP: 2/2
  1021 | D:2      | Noticed Sigmund
  1042 | D:2      | Killed from afar by Sigmund

Illustrated notes

Levels and vault maps discovered:
D:1:      scummos_arrival_hexagon, layout_loops_ring, serial_shops, shop,
          minmay_close_crescents
D:2:      layout_loops_cross, uniq_sigmund

Skill      XL: |  1  2  3 |
---------------+----------+-----
Shields        | 4 |  4.5
Axes           | 3 |  3.2
Armour         | 4 |  4.0
Fighting       | |  3.8
Dodging        | |  0.3

Action                   || total
-------------------------++-------
Melee: War axe           ||    66
       Headbutt          ||     3
  Use: Scroll            ||     1
       Potion            ||     1
Armor: Chain mail        ||    40
       Scale mail        ||     3
Dodge: Dodged            ||    22
Block: Kite shield       ||    51

Table legend: (Time is in decaauts)
 A = Elapsed time spent in this place.
 B = Non-inter-level travel time spent in this place.
 C = Inter-level travel time spent in this place.
 D = Time resting spent in this place.
 E = Time spent auto-exploring this place.
 F = Levels seen in this place.
 G = Mean time per level.
                   A        B        C        D        E       F      G
               +--------+--------+--------+--------+--------+-----+--------+
         Total |   1075 |   1075 |      0 |      0 |    762 |   2 |  537.5 |
       Dungeon |   1075 |   1075 |      0 |      0 |    762 |   2 |  537.5 |
               +--------+--------+--------+--------+--------+-----+--------+

Top non-repeatable levels by time:
     D:1: 804 daAuts
     D:2: 271 daAuts
